 Dungeon Crawl Stone Soup version 0.21.1-1-g345015fe64 (webtiles) character file.

32814 Kholdaimon the Severer (level 13, -3/116 HPs)
             Began as a Minotaur Fighter on June 18, 2018.
             Was the Champion of Okawaru.
             Slain by a snapping turtle (14 damage)
             ... on level 1 of the Shoals on June 19, 2018.
             The game lasted 02:14:22 (14212 turns).

Kholdaimon the Severer (Minotaur Fighter)          Turns: 14212, Time: 02:14:23

Health: -3/116     AC: 23    Str: 31    XL:     13   Next: 33%
Magic:  15/15      EV:  8    Int: 10    God:    Okawaru [******]
Gold:   1011       SH: 16    Dex: 10    Spells: 12/12 levels left

rFire    + . .     SeeInvis .   W - +0 broad axe (flame)
rCold    + + .     Gourm    .   c - +0 shield
rNeg     . . .     Faith    .   Z - +1 plate armour {rF+}
rPois    +         Spirit   .   P - +0 hat
rElec    +         Reflect  +   X - +0 cloak
rCorr    +         Harm     .   R - +0 pair of gloves {Str+3}
MR       .....                  h - +2 pair of boots "Madouvum" {*Corrode +Blink rElec rPois}
Stlth    ..........             T - amulet "Siduzet" {Reflect Int+4 Slay+2 SH+3}
HPRegen  0.29/turn              x - ring "Ledecwae" {rC++ Str+3}
MPRegen  0.14/turn              l - ring of resist corrosion

@: hasted and slowed
A: retaliatory headbutt, horns 2
a: Heroism, Finesse, Renounce Religion, Evoke Blink


You were on level 1 of the Shoals.
You worshipped Okawaru.
Okawaru was exalted by your worship.
You were not hungry.

You visited 4 branches of the dungeon, and saw 15 of its levels.
You also visited: Volcano.

You collected 1011 gold pieces.

Inventory:

Hand Weapons
 s - a +0 war axe of electrocution
 u - a +2 dire flail of holy wrath
 W - a +0 broad axe of flaming (weapon)
Missiles
 k - 220 stones (quivered)
 B - 49 poisoned needles
 M - 2 tomahawks of returning
 S - a throwing net
 U - 3 steel javelins
Armour
 c - a +0 shield (worn)
 h - the +2 pair of boots "Madouvum" (worn) {*Corrode +Blink rElec rPois}
   (You found it on level 1 of the Lair of Beasts)

   It insulates you from electricity.
   It protects you from poison.
   It lets you blink.
   It may corrode you when you take damage.
 y - the +0 pair of boots of the Three Wishes {Int+4 Dex+4}
   (You found it on level 6 of the Dungeon)

   It affects your intelligence (+4).
   It affects your dexterity (+4).
 P - a +0 hat (worn)
 R - a +0 pair of gloves of strength (worn)
 X - a +0 cloak (worn)
 Z - a +1 plate armour of fire resistance (worn)
Jewellery
 b - an uncursed ring of magical power
 l - a ring of resist corrosion (right hand)
 x - the ring "Ledecwae" (left hand) {rC++ Str+3}
   (You found it on level 5 of the Dungeon)

   [ring of strength]

   It affects your strength (+3).
   It greatly protects you from cold.
 z - an uncursed ring of wizardry
 A - an uncursed ring of fire
 J - an uncursed ring of protection from fire
 T - the amulet "Siduzet" (around neck) {Reflect Int+4 Slay+2 SH+3}
   (You found it on level 8 of the Dungeon)

   [amulet of reflection]

   It shields you and reflects attacks.
   It affects your intelligence (+4).
   It affects your accuracy and damage with ranged weapons and melee attacks
   (+2).
   It affects your SH (+3).
Wands
 t - a wand of polymorph (29)
 G - a wand of flame (39)
 H - a wand of acid (13)
 L - a wand of digging (13)
 N - a wand of scattershot (3)
Scrolls
 a - a scroll of fear
 e - a scroll of summoning
 j - a scroll of blinking
 w - a scroll of enchant armour
 E - 6 scrolls of teleportation
 F - 4 scrolls of remove curse
 K - a scroll of fog {unknown}
 V - a scroll of identify
Potions
 d - 3 potions of might
 g - 2 potions of agility
 i - 4 potions of resistance
 o - a potion of flight
 p - a potion of haste
 q - 7 potions of curing
 r - a potion of magic
 v - a potion of brilliance
 I - 2 potions of lignification
 O - 2 potions of cancellation
Comestibles
 f - 21 rations
 m - 7 chunks of flesh


   Skills:
 + Level 11.2 Fighting
 - Level 16.1 Axes
 - Level 1.0(10.9) Maces & Flails
 + Level 12.0 Armour
 - Level 2.4 Dodging
 * Level 12.2 Shields
 - Level 5.0 Invocations
 * Level 4.4 Evocations


You had 12 spell levels left.
You didn't know any spells.

Dungeon Overview and Level Annotations

Branches:
Dungeon (10/15)            Temple (1/1) D:7            Lair (3/6) D:10
 Shoals (1/4) Lair:3
  Snake: Lair:2-4    Spider: Lair:2-4       Orc: D:9-12

Altars:
Ashenzari
Cheibriados
Dithmenos
Elyvilon
Fedhas
Gozag
Hepliaklqana
Kikubaaqudgha
Makhleb
Nemelex Xobeh
Okawaru
Qazlal
Ru
Sif Muna
Trog
Uskayaw
Vehumet
Wu Jian
Xom
Yredelemnul
Zin
The Shining One

Annotations:
D:3 exclusion: 2 downstairs


Innate Abilities, Weirdness & Mutations

You reflexively headbutt those who attack you in melee.
You have a pair of horns on your head.


Message History

The snapping turtle is moderately wounded.
You hit the snapping turtle but do no damage.
The snapping turtle is moderately wounded.
The snapping turtle bites you but does no damage.
You hit the snapping turtle. You burn the snapping turtle.
You headbutt the snapping turtle, but do no damage.
The snapping turtle is moderately wounded.
The snapping turtle barely misses you.
You hit the snapping turtle. You burn the snapping turtle.
You headbutt the snapping turtle, but do no damage.
The snapping turtle is heavily wounded.
The snapping turtle bites you!
* * * LOW HITPOINT WARNING * * *
You barely miss the snapping turtle.
The snapping turtle is heavily wounded.
You hit the snapping turtle but do no damage.
You headbutt the snapping turtle, but do no damage.
The snapping turtle is heavily wounded.
The snapping turtle bites you!
You die...

................≈≈≈≈≈≈≈≈≈≈
...##.....≈..##..≈≈..≈≈≈≈≈
#..##.[..≈...........?≈≈≈≈
#..<........##.....###.≈≈≈
.....÷..≈...##..(..##..≈≈≈
.≈≈≈≈≈≈≈≈...........(..≈≈≈
.≈≈≈≈≈≈≈≈........≈≈)..≈≈≈≈
≈≈≈≈≈≈≈≈≈.......t..)≈(≈≈≈≈
≈≈≈≈≈≈≈≈≈....≈≈≈@.)≈≈≈≈≈≈≈
≈≈≈≈≈≈≈≈≈....≈...≈≈≈≈≈≈≈≈≈
≈≈≈≈≈≈≈≈≈≈..≈≈...≈≈≈≈≈≈≈≈≈
≈≈≈≈≈≈≈≈≈≈≈≈≈≈..≈≈≈≈≈≈≈≈≈≈
≈≈≈≈≈≈≈≈≈≈≈≈≈≈≈≈≈
≈≈≈≈≈≈≈≈≈≈≈≈≈≈≈≈≈
≈≈≈≈≈≈≈≈≈≈≈≈≈≈≈≈≈
≈≈≈≈≈≈≈≈≈≈≈≈≈≈≈≈
≈≈≈≈≈≈≈≈≈≈≈≈≈≈≈


You could see a snapping turtle.

Vanquished Creatures
  Gastronok (D:9)
  A red draconian (Volcano)
  Erolcha (D:10)
  5 hydras
  A centaur warrior (Volcano)
  3 two-headed ogres
  The ghost of Morteh the Cudgeler, a novice GrFi of Okawaru (D:9)
  4 oklob plants (Lair:1)
  A necromancer (Lair:2)
  A manticore (Lair:3)
  A faun (Shoals:1)
  A black mamba (Lair:3)
  A merfolk siren (Shoals:1)
  A gargoyle (D:10)
  4 spiny frogs
  2 komodo dragons
  2 rime drakes (Lair:3)
  A yaktaur (Volcano)
  A hornet (D:10)
  12 blink frogs
  A wind drake (Shoals:1)
  5 hippogriffs
  2 snapping turtles (Shoals:1)
  A wyvern (D:10)
  4 basilisks
  22 yaks
  Grum (D:9)
  2 steam dragons (D:10)
  Menkaure (D:4)
  Edmund (D:6)
  8 water moccasins
  6 porcupines
  Duvessa (D:6)
  3 ice beasts
  6 orc warriors
  2 sky beasts
  A necrophage (D:9)
  4 ogres
  A phantom (D:5)
  13 wolves
  7 centaurs
  5 crocodiles
  Blork the orc (D:6)
  The ghost of raetorn the Skirmisher, an amateur VSFi (D:3)
  8 bullfrogs
  Dowan (D:6)
  5 scorpions
  6 wights
  9 killer bees (D:10)
  2 howler monkeys
  3 jellies
  5 crimson imps
  A quasit (D:10)
  4 hounds
  A gnoll shaman (D:7)
  4 orc priests
  8 orc wizards
  A bullfrog skeleton (D:10)
  2 centaur skeletons
  An iguana (D:6)
  9 worker ants
  3 polar bear simulacra (Lair:2)
  2 yak simulacra (Lair:2)
  3 wolf simulacra (Lair:2)
  A hound skeleton (D:6)
  Robin (D:4)
  5 gnolls (D:7)
  6 adders
  3 shadow imps
  An ooze (D:5)
  An adder zombie (D:6)
  3 adder skeletons
  2 worms
  4 dart slugs
  6 leopard geckos
  28 orcs
  7 bats
  4 giant cockroaches
  16 goblins
  5 hobgoblins
  3 jackals (D:9)
  5 frilled lizards
  A jackal skeleton (D:9)
  9 kobolds
  5 rats
  3 river rat simulacra (Lair:2)
  A bush (Lair:3)
  2 fungi
  12 plants
356 creatures vanquished.

Vanquished Creatures (others)
  A faun (Shoals:1)
  23 plants (D:10)
24 creatures vanquished.

Grand Total: 380 creatures vanquished

Notes
Turn   | Place    | Note
-------+----------+-------------------------------------------
     0 | D:1      | Kholdaimon the Minotaur Fighter began the quest for the Orb.
     0 | D:1      | Reached XP level 1. HP: 19/19 MP: 0/0
   302 | D:1      | Reached XP level 2. HP: 27/27 MP: 1/1
   369 | D:1      | Reached skill level 3 in Axes
   829 | D:2      | Reached XP level 3. HP: 23/33 MP: 2/2
  1145 | D:2      | Found a glowing silver altar of Zin.
  1307 | D:2      | Found an ornate altar of the Wu Jian Council.
  1673 | D:2      | Reached skill level 4 in Axes
  1673 | D:2      | Reached XP level 4. HP: 40/40 MP: 3/3
  2294 | D:3      | Found an opulent altar of Gozag.
  2343 | D:3      | Noticed raetorn's ghost (amateur VSFi)
  2362 | D:3      | Killed raetorn's ghost
  2362 | D:3      | Reached skill level 5 in Axes
  2362 | D:3      | Reached XP level 5. HP: 29/46 MP: 4/4
  2564 | D:3      | Found a shadowy altar of Dithmenos.
  2886 | D:4      | Noticed Menkaure
  3071 | D:4      | Got a transparent leather armour
  3127 | D:4      | Noticed Robin
  3150 | D:4      | Killed Robin
  3379 | D:4      | HP: 2/46 [Menkaure/nerve-wracking pain (6)]
  3763 | D:5      | Entered Level 5 of the Dungeon
  3766 | D:5      | You fall through a shaft!
  3766 | D:6      | Noticed an ogre
  3773 | D:6      | Noticed an ice beast
  3776 | D:6      | Noticed an ogre
  3826 | D:5      | Killed an ice beast
  3826 | D:5      | Reached skill level 6 in Axes
  3826 | D:5      | Reached XP level 6. HP: 20/52 MP: 5/5
  4027 | D:5      | Got a smoking tin ring
  4029 | D:5      | Identified the ring "Ledecwae" {rC++ Str+3} (You found it on level 5 of the Dungeon)
  4038 | D:5      | Found a deep blue altar of Sif Muna.
  4179 | D:4      | Killed Menkaure
  4179 | D:4      | Reached skill level 7 in Axes
  4179 | D:4      | Reached skill level 5 in Armour
  4179 | D:4      | Reached skill level 1 in Dodging
  4262 | D:4      | Found a white marble altar of Elyvilon.
  4553 | D:5      | Noticed a sky beast
  4563 | D:5      | Killed a sky beast
  4563 | D:5      | Reached XP level 7. HP: 51/60 MP: 6/6
  4780 | D:5      | Reached skill level 8 in Axes
  5016 | D:5      | Found a shimmering altar of Xom.
  5017 | D:5      | Found a shimmering altar of Xom.
  5019 | D:5      | Found a shimmering altar of Xom.
  5200 | D:5      | Reached skill level 5 in Shields
  5472 | D:6      | Reached skill level 9 in Axes
  5472 | D:6      | Reached XP level 8. HP: 66/67 MP: 7/7
  5492 | D:6      | Identified the +0 leather armour of the Swamp {Str+2} (You found it on level 4 of the Dungeon)
  5598 | D:6      | Reached skill level 5 in Fighting
  5818 | D:6      | Noticed Blork the orc
  5841 | D:6      | Killed Blork the orc
  5990 | D:6      | Noticed Edmund
  6002 | D:6      | Killed Edmund
  6002 | D:6      | Reached skill level 10 in Axes
  6116 | D:6      | Found a hazy altar of Hepliaklqana.
  6126 | D:6      | Got a pair of ichor-stained boots
  6132 | D:6      | Identified the cursed +0 pair of boots of the Three Wishes {Int+4 Dex+4} (You found it on level 6 of the Dungeon)
  6151 | D:6      | Found a snail-covered altar of Cheibriados.
  6181 | D:6      | Reached skill level 11 in Axes
  6209 | D:6      | Noticed Dowan
  6218 | D:6      | Killed Dowan
  6218 | D:6      | Reached XP level 9. HP: 74/74 MP: 8/8
  6230 | D:6      | Noticed Duvessa
  6248 | D:6      | Killed Duvessa
  6862 | D:7      | Reached skill level 12 in Axes
  6896 | D:7      | Found a shattered altar of Ashenzari.
  6896 | D:7      | Found a burning altar of Makhleb.
  6920 | D:7      | Found a sparkling altar of Nemelex Xobeh.
  7511 | D:7      | Found a staircase to the Ecumenical Temple.
  7520 | Temple   | Entered the Ecumenical Temple
  7630 | Temple   | Became a worshipper of Warmaster Okawaru
  7671 | D:7      | You fall through a shaft for 3 floors!
  7671 | D:10     | Entered Level 10 of the Dungeon
  7856 | D:10     | Noticed Erolcha
  7876 | D:10     | Killed Erolcha
  7876 | D:10     | Reached * piety under Okawaru
  7876 | D:10     | Reached skill level 13 in Axes
  7876 | D:10     | Reached XP level 10. HP: 54/84 MP: 9/9
  8053 | D:10     | Noticed a gargoyle
  8096 | D:10     | Killed a gargoyle
  8773 | D:10     | Reached ** piety under Okawaru
  8779 | D:10     | Reached skill level 14 in Axes
  8830 | D:10     | Found a staircase to the Lair.
  9171 | D:9      | Noticed a two-headed ogre
  9181 | D:9      | Killed a two-headed ogre
  9181 | D:9      | Reached *** piety under Okawaru
  9195 | D:9      | Found a hide-covered altar of Uskayaw.
  9260 | D:9      | Noticed Grum
  9280 | D:9      | Reached XP level 11. HP: 68/92 MP: 10/10
  9283 | D:9      | Killed Grum
  9312 | D:9      | Reached skill level 15 in Axes
  9360 | D:9      | Reached **** piety under Okawaru
  9364 | D:9      | Noticed Morteh's ghost (novice GrFi)
  9380 | D:9      | Killed Morteh's ghost
  9606 | D:9      | Noticed Gastronok
  9619 | D:9      | Killed Gastronok
  9619 | D:9      | Reached ***** piety under Okawaru
  9745 | D:9      | Got a faintly glowing leather armour
  9775 | D:9      | Identified the +3 leather armour of Luxio {rF++ Regen+ Stlth-} (You found it on level 9 of the Dungeon)
  9916 | D:9      | Received a gift from Okawaru
 10081 | D:8      | Noticed a two-headed ogre
 10088 | D:8      | Killed a two-headed ogre
 10088 | D:8      | Reached skill level 16 in Axes
 10144 | D:8      | Noticed a two-headed ogre
 10151 | D:8      | Killed a two-headed ogre
 10273 | D:8      | Reached skill level 10 in Armour
 10385 | D:8      | Got a wavering brass amulet
 10394 | D:8      | Identified the amulet "Siduzet" {Reflect Int+4 Slay+2 SH+3} (You found it on level 8 of the Dungeon)
 10652 | Lair:1   | Entered Level 1 of the Lair of Beasts
 10656 | Lair:1   | Noticed a six-headed hydra
 10671 | D:10     | Killed a six-headed hydra
 10674 | D:10     | Reached skill level 1 in Maces & Flails
 10945 | Lair:1   | Noticed a seven-headed hydra
 10956 | Lair:1   | Killed a seven-headed hydra
 10956 | Lair:1   | Reached skill level 1 in Invocations
 11241 | D:10     | Reached skill level 1 in Evocations
 11550 | Lair:1   | Reached XP level 12. HP: 105/105 MP: 12/12
 11585 | Lair:1   | Got a pair of brightly glowing boots
 11983 | Lair:1   | Received a gift from Okawaru
 12075 | Lair:1   | Reached skill level 10 in Fighting
 12322 | Lair:2   | Found a dark tunnel.
 12328 | Volcano  | Entered a volcano
 12348 | Volcano  | Noticed a red draconian
 12365 | Volcano  | Killed a red draconian
 12365 | Volcano  | Reached skill level 10 in Shields
 12435 | Volcano  | Identified the +2 pair of boots "Madouvum" {*Corrode +Blink rElec rPois} (You found it on level 1 of the Lair of Beasts)
 12480 | Volcano  | Noticed a centaur warrior
 12489 | Volcano  | Killed a centaur warrior
 12853 | Lair:2   | Noticed a four-headed hydra
 12862 | Lair:2   | Killed a one-headed hydra
 12983 | Lair:2   | Noticed a six-headed hydra
 13040 | Lair:2   | Killed a two-headed hydra
 13040 | Lair:2   | Received a gift from Okawaru
 13490 | Lair:3   | Reached XP level 13. HP: 107/114 MP: 15/15
 13544 | Lair:3   | Found a staircase to the Shoals.
 13884 | Lair:3   | Reached ****** piety under Okawaru
 14145 | Shoals:1 | Entered Level 1 of the Shoals
 14184 | Shoals:1 | Reached skill level 5 in Invocations
 14212 | Shoals:1 | Slain by a snapping turtle

Skill      XL: |  1  2  3  4  5  6  7  8  9 10 11 12 13 |
---------------+----------------------------------------+-----
Axes           | 3 4 5 6 7 9 11 13 14 16 | 16.1
Shields        | 4 5 6 7 9 11 12 | 12.2
Armour         | 4 5 6 8 9 10 11 12 | 12.0
Fighting       | 4 5 6 7 9 10 11 | 11.2
Dodging        | 1 2 |  2.4
Maces & Flails | 1 |  1.0
Invocations    | 1 4 5 |  5.0
Evocations     | 1 3 4 |  4.4

Action                   |  1- 3 |  4- 6 |  7- 9 | 10-12 | 13-15 || total
-------------------------+-------+-------+-------+-------+-------++-------
Melee: War axe           |    81 |   103 |   256 |   406 |       ||   846
       Headbutt          |     6 |    13 |    65 |   126 |    32 ||   242
       Dire flail        |       |       |       |    18 |       ||    18
       Broad axe         |       |       |       |    75 |   122 ||   197
Throw: Stone             |       |       |       |     8 |       ||     8
  Use: Scroll            |       |     7 |     9 |    13 |       ||    29
       Potion            |       |     3 |       |       |     2 ||     5
  Eat: Chunk             |     2 |     6 |    10 |    15 |     3 ||    36
       Ration            |       |     1 |       |     1 |       ||     2
Armor: Scale mail        |    24 |     4 |       |       |       ||    28
       Chain mail        |       |    47 |    54 |   108 |       ||   209
       Plate armour      |       |       |    32 |    59 |    60 ||   151
Dodge: Dodged            |    25 |    15 |    35 |   100 |    38 ||   213
Block: Shield            |    44 |    44 |   114 |   215 |    87 ||   504
       Other             |       |       |       |     2 |       ||     2
       Reflection        |       |       |       |     8 |     6 ||    14
